 Dungeon Crawl Stone Soup version 0.30-a0-1074-g5db6f66fbb (webtiles) character file.

Game seed: 610463355070224933

26 Lavandula the Stinger (level 3, 0/28 HPs)
             Began as a Naga Venom Mage on Apr 14, 2023.
             Slain by Edmund
             ... wielding a +3 dire flail of protection
              (12 damage)
             ... on level 4 of the Dungeon.
             The game lasted 00:02:56 (928 turns).

Lavandula the Stinger (Naga Venom Mage)              Turns: 928, Time: 00:02:57

Health: 0/28       AC:  2    Str: 10    XL:     3   Next: 8%
Magic:  0/6        EV:  9    Int: 17    God:
Gold:   46         SH:  0    Dex: 11    Spells: 3/6 levels left

rFire   . . .      SeeInvis +    (no weapon)
rCold   . . .      Faith    .    (no shield)
rNeg    . . .      Spirit   .    d - +0 leather armour
rPois   +          Reflect  .    (no helmet)
rElec   .          Rampage  .    (no cloak)
rCorr   .                        (no gloves)
Will    .....                    (no barding)
Stlth   ++                       (no amulet)
HPRegen 0.24/turn                (no ring)
MPRegen 0.10/turn                (no ring)

@: short of breath, very slow
A: AC +1, large, see invisible, deformed body, poison resistance, slowness 2,
spit poison 1, naga tail 1
a: Spit Poison


You were on level 4 of the Dungeon.
You visited 1 branch of the dungeon, and saw 3 of its levels.

You collected 46 gold pieces.

Inventory:

Missiles
 c - 6 poisoned darts
Armour
 a - a +0 robe
 d - a +0 leather armour (worn)
Potions
 b - a potion of magic


   Skills:
 - Level 1.5 Dodging
 - Level 3.0 Stealth
 + Level 0.4 Unarmed Combat
 - Level 2.0 Spellcasting
 - Level 1.0 Transmutations
 - Level 5.4 Poison Magic


You had 3 spell levels left.
You knew the following spells:

 Your Spells              Type           Power      Damage    Failure   Level
a - Sting                 Tmut/Pois      48%        1d5       7%          1
b - Poisonous Vapours     Pois/Air       20%        N/A       13%         2

Your spell library contained the following spells:

 Spells                   Type           Power      Damage    Failure   Level
 Mephitic Cloud           Conj/Pois/Air  7%         N/A       36%         3
 Gell's Gravitas          Tloc           1%         N/A       61%         3
 Teleport Other           Tloc           1%         N/A       61%         3
 Olgreb's Toxic Radiance  Pois           20%        N/A       28%         4
 Dispersal                Tloc           0%         N/A       100%        6


Dungeon Overview and Level Annotations

Branches:
Dungeon (2/15)

Altars:

Shops:
D:1 (

Annotations:
D:4 Edmund


Innate Abilities, Weirdness & Mutations

Your serpentine skin is tough. (AC +1)
You have supernaturally acute eyesight. (SInv)
Armour fits poorly on your strangely shaped body.
Your system is resistant to poisons. (rPois)
You cover ground very slowly.
You can spit poison.
You have a snake-like lower body.


Message History

Okay, then.
Unknown command.
Casting: Poisonous Vapours (safe; 13% risk of failure)
Confirm with . or Enter, or press ? or * to list all spells.
Aiming: Sting (safe; 7% risk of failure)
Press: ? - help, Shift-Dir - straight line, f/p - Edmund
Aim: Edmund, wielding a +3 dire flail of protection and wearing a +0 ring mail (lightly wounded, poisoned, 75% to hit)
The sting hits Edmund but does no damage.
Edmund looks even sicker.
Edmund is lightly wounded.
You aren't carrying any items that you can evoke.
Unknown command.
Unknown command.
Casting: Sting (safe; 7% risk of failure)
Confirm with . or Enter, or press ? or * to list all spells.
Aiming: Poisonous Vapours (safe; 13% risk of failure)
Press: ? - help, Dir - move target, f/p - Edmund
Aim: Edmund, wielding a +3 dire flail of protection and wearing a +0 ring mail (lightly wounded, very poisoned) Poisonous vapours surround Edmund!
Edmund looks even sicker.
You have got your breath back.
Unknown command.
Casting: Poisonous Vapours (safe; 13% risk of failure)
Confirm with . or Enter, or press ? or * to list all spells.
Aiming: Sting (safe; 7% risk of failure)
Press: ? - help, Shift-Dir - straight line, f/p - Edmund
Aim: Edmund, wielding a +3 dire flail of protection and wearing a +0 ring mail (lightly wounded, very poisoned, 75% to hit)
The sting hits Edmund but does no damage.
Edmund looks as sick as possible!
Edmund is lightly wounded.
Edmund hits you with a +3 dire flail of protection!
Ouch! That really hurt!
Aiming: Spit Poison (2% risk of failure)
Press: ? - help, Shift-Dir - straight line, f/p - Edmund
Aim: Edmund, wielding a +3 dire flail of protection and wearing a +0 ring mail (moderately wounded, extremely poisoned, 65% to hit)
The splash of poison hits Edmund but does no damage.
Edmund looks as sick as possible!
Edmund is moderately wounded.
Edmund completely misses you.
Edmund hits you with a +3 dire flail of protection!
You die...

......."......######
..................#
.............$.).#
#.......#+##.....#
#.......# #..)..#
#.......# #.)...#
#.......# #....)#
#.......# #@....#
#.......# #@....#
#.g.....# #.....#
#.J.....# #.....#
######### #######


You could see Edmund (extremely poisoned).

Vanquished Creatures
  2 ball pythons (D:1)
  5 bats (D:1)
  An endoplasm (D:1)
  2 giant cockroaches (D:1)
  4 goblins
  4 hobgoblins
  A frilled lizard (D:1)
  A kobold (D:1)
  A rat (D:1)
21 creatures vanquished.

Notes
Turn   | Place    | Note
-------+----------+-------------------------------------------
     0 | D:1      | Lavandula the Naga Venom Mage began the quest for the Orb.
     0 | D:1      | Reached XP level 1. HP: 15/15 MP: 3/3
   168 | D:1      | Reached XP level 2. HP: 22/22 MP: 5/5
   186 | D:1      | Learned a level 2 spell: Poisonous Vapours
   265 | D:1      | Reached skill level 5 in Poison Magic
   756 | D:1      | Found Kehyxtog's Antique Weapon Shoppe.
   825 | D:2      | You fall into a shaft and drop 2 floors!
   837 | D:4      | Reached XP level 3. HP: 19/28 MP: 2/6
   917 | D:4      | Noticed Edmund
   928 | D:4      | Slain by Edmund

Illustrated notes

Levels and vault maps discovered:
D:1:      elethiomel_arrival_infinity_welcomes_careful_drivers, layout_rooms,
          serial_shops, nicolae_lakefront_shop, hangedman_glass_garden,
          eino_curves_03
D:2:      layout_basic, basic_altar
D:4:      layout_gridville, mainiacjoe_overflow_chevrons, uniq_edmund

Skill      XL: |  1  2 |
---------------+-------+-----
Poison Magic   | 5 |  5.4
Dodging        | |  1.5
Stealth        | |  3.0
Unarmed Combat | |  0.4
Spellcasting   | |  2.0
Transmutations | |  1.0

Action                     || total
---------------------------++-------
  Melee: Unarmed           ||    15
   Cast: Sting             ||    16
         Poisonous Vapours ||     2
Ability: Spit Poison       ||    23
    Use: Scroll            ||     2
 Armour: Leather armour    ||     4
         Robe              ||     1
  Dodge: Dodged            ||    18

Table legend: (Time is in decaauts)
 A = Elapsed time spent in this place.
 B = Non-inter-level travel time spent in this place.
 C = Inter-level travel time spent in this place.
 D = Time resting spent in this place.
 E = Time spent auto-exploring this place.
 F = Levels seen in this place.
 G = Mean time per level.
                   A        B        C        D        E       F      G
               +--------+--------+--------+--------+--------+-----+--------+
         Total |   1188 |   1168 |     20 |     74 |    881 |   3 |  396.0 |
       Dungeon |   1188 |   1168 |     20 |     74 |    881 |   3 |  396.0 |
               +--------+--------+--------+--------+--------+-----+--------+

Top non-repeatable levels by time:
     D:1: 1071 daAuts
     D:4: 117 daAuts
